AoeStats
← So sad

Nomad

509182512Analyzed
3v3 RM · 5d ago on Sep 25, 2026· 55m 53s· 6 players
Game mode
Random Map
Map size
210×210
Population
200
Speed
Normal
Resources
Standard
Victory
Conquest
Starting age
Dark Age
Ending age
Imperial Age
RankedLock teamsTeams togetherTeam positionsShared explorationLock speedFull tech treeHidden civsTurbo modeCheats
Victory
Defeat
🇮🇹 Varangians · Italy
1422
+16
🇹🇷 Georgians · Türkiye
1337
+19
🇵🇱 Dravidians · Poland
1321
+19
🇺🇦 Saxons · Ukraine
1412
-18
🇧🇾 Dravidians · Belarus
1409
-18
🇧🇾 Bohemians · Belarus
1402
-18
reckem3
5:43 Loom
14:07 Feudal Age
14:52 Man-at-Arms
18:04 Arson
23:57 Castle Age
22:45 Double-Bit Axe
22:42 Horse Collar
25:24 Bloodlines
25:32 Forging
25:44 Husbandry
26:27 Scale Barding Armor
32:02 Iron Casting
34:10 Svan Towers
35:05 Wheelbarrow
35:12 Chain Barding Armor
37:19 Redemption
38:30 Fervor
38:37 Hand Cart
43:18 Imperial Age
42:10 Town Watch
42:57 Bow Saw
42:49 Heavy Plow
42:43 Stone Mining
43:38 Heavy Scorpion
46:06 Blast Furnace
46:08 Gold Mining
47:21 Plate Barding Armor
47:24 Town Patrol
48:48 Conscription
49:31 Elite Monaspa
54:50 Chemistry
54:03 Masonry
54:14 Ballistics
53:47 Fletching
54:26 Bodkin Arrow
mama_adisona
4:49 Loom
12:03 Feudal Age
17:33 Castle Age
16:03 Double-Bit Axe
17:23 Fishing Lines
18:07 Town Watch
18:57 Wheelbarrow
18:25 Gillnets
18:46 Medium Warships
20:23 Bow Saw
25:41 Horse Collar
26:11 Fletching
27:48 Gold Mining
29:27 Ballistics
29:13 Bodkin Arrow
29:41 Stone Mining
30:09 Padded Archer Armor
30:25 Thumb Ring
31:58 Careening
31:53 Siphons
32:09 Husbandry
36:01 Imperial Age
34:39 Hand Cart
35:22 Leather Archer Armor
34:58 Man-at-Arms
35:23 Gambesons
36:05 Heavy Plow
36:15 Medical Corps
36:33 Town Patrol
37:08 Conscription
37:46 Clinker Construction
38:38 Chemistry
38:05 Bracer
39:24 Heavy Warships
39:33 Scale Mail Armor
39:43 Forging
40:01 Long Swordsman
40:41 Squires
40:58 Chain Mail Armor
41:14 Ring Archer Armor
40:07 Elite Skirmisher
41:13 Two-Handed Swordsman
42:17 Champion
44:04 Plate Mail Armor
44:10 Iron Casting
44:49 Hoardings
44:18 Arson
49:12 Wootz Steel
50:51 Blast Furnace
53:24 Elite Elephant Archer
piantaz
4:55 Loom
12:13 Feudal Age
13:01 Double-Bit Axe
14:51 Town Watch
20:11 Castle Age
20:29 Fletching
21:10 Bodkin Arrow
25:57 Scale Barding Armor
27:51 Husbandry
28:04 Bloodlines
29:24 Horse Collar
31:39 Heavy Plow
35:04 Wheelbarrow
39:34 Imperial Age
38:17 Gold Mining
40:22 Chain Barding Armor
41:37 Plate Barding Armor
40:23 Cavalier
44:16 Forging
48:57 Iron Casting
50:04 Hand Cart
51:28 Crop Rotation
50:44 Vendel Legacy
55:37 Blast Furnace
HURMA
4:31 Loom
13:21 Feudal Age
13:47 Double-Bit Axe
13:44 Fishing Lines
14:03 Town Watch
17:19 Forging
18:09 Man-at-Arms
18:55 Scale Mail Armor
20:13 Horse Collar
24:41 Castle Age
23:40 Arson
25:38 Chain Mail Armor
24:55 Long Swordsman
25:28 Gambesons
26:21 Iron Casting
26:21 Squires
27:53 Fletching
30:19 Heavy Plow
31:31 Stone Mining
33:08 Wheelbarrow
33:23 Gold Mining
34:16 Ballistics
35:03 Padded Archer Armor
35:00 Bodkin Arrow
35:16 Elite Skirmisher
36:06 Padded Archer Armor
36:55 Hand Cart
37:13 Leather Archer Armor
39:11 Thumb Ring
42:26 Imperial Age
42:32 Imperial Age
41:42 Medical Corps
44:13 Bracer
47:15 Chemistry
46:08 Two-Handed Swordsman
47:57 Champion
49:18 Masonry
50:13 Masonry
52:12 Murder Holes
NiL
5:02 Loom
13:37 Feudal Age
14:20 Double-Bit Axe
14:31 Fishing Lines
17:35 Forging
19:59 Horse Collar
20:13 Stone Mining
22:27 Castle Age
27:56 Imperial Age
26:16 Gillnets
27:38 Scale Mail Armor
28:13 Iron Casting
27:51 Heavy Plow
28:49 Wheelbarrow
28:51 Medium Warships
28:49 Fletching
29:16 Chain Mail Armor
31:22 Elite Longship
33:17 Bodkin Arrow
34:51 Hand Cart
35:10 Padded Archer Armor
35:58 Ballistics
35:52 Bow Saw
36:14 Bracer
37:16 Siege Engineers
38:31 Chemistry
38:35 Conscription
39:47 Squires
42:09 Hoardings
41:55 Leather Archer Armor
41:47 Scale Barding Armor
41:39 Pikeman
42:05 Gambesons
43:29 Arson
47:09 Shield Wall
47:09 Clerical Recruitment
49:54 Plate Mail Armor
49:54 Ring Archer Armor
49:48 Halberdier
51:58 Fortified Wall
52:01 Masonry
51:47 Murder Holes
52:23 Treadmill Crane
54:06 Elite Varangian Guard
So sad
3:16 Loom
15:25 Feudal Age
16:59 Fletching
27:25 Castle Age
25:56 Double-Bit Axe
28:07 Padded Archer Armor
28:49 Town Watch
35:05 Pikeman
37:19 Bow Saw
39:04 Squires
46:45 Imperial Age
45:26 Scale Mail Armor
47:45 Wheelbarrow
47:57 Conscription
47:30 Horse Collar
53:09 Sanctity
53:03 Fervor
53:13 Block Printing
Connection lost

Rejoining the realm…

Still unreachable

The connection could not be restored.

Session expired

The server has moved on; the page needs a fresh start.